 Dungeon Crawl Stone Soup version 0.23.2-1-ga50397a (webtiles) character file.

Game seed: 2014789532830082036

942 goulibeur the Skirmisher (level 7, -3/62 HPs)
             Began as a Green Draconian Berserker on May 20, 2019.
             Was a Priest of Trog.
             Slain by an orc warrior
             ... wielding a +0 glaive
              (25 damage)
             ... on level 5 of the Dungeon on May 21, 2019.
             The game lasted 00:17:17 (4409 turns).

goulibeur the Skirmisher (DrBe)                     Turns: 4409, Time: 00:17:18

Health: -3/62      AC:  9    Str: 19    XL:     7   Next: 88%
Magic:  7/7        EV: 14    Int:  7    God:    Trog [***...]
Gold:   266        SH:  0    Dex: 13    Spells: 6/6 levels left

rFire    . . .     SeeInvis .   p - +0 flail
rCold    . . .     Gourm    .   (no shield)
rNeg     . . .     Faith    .   (armour unavailable)
rPois    +         Spirit   .   (helmet restricted)
rElec    .         Reflect  .   d - +2 cloak
rCorr    .         Harm     .   (no gloves)
MR       .....                  (no boots)
Stlth    +.........             (no amulet)
HPRegen  0.20/turn              (no ring)
MPRegen  0.10/turn              (no ring)

@: no status effects
A: breathe noxious fumes, unfitting armour, poison resistance, cold-blooded, AC
+6
a: Breathe Noxious Fumes, Berserk, Trog's Hand, Renounce Religion


You were on level 5 of the Dungeon.
You worshipped Trog.
Trog was most pleased with you.
You were not hungry.

You visited 1 branch of the dungeon, and saw 5 of its levels.

You collected 266 gold pieces.

Inventory:

Hand Weapons
 a - a +0 mace
 p - a +0 flail (weapon)
Armour
 d - a +2 cloak (worn)
Jewellery
 e - a cursed ring of attention
 i - a +4 ring of dexterity {unknown}
Wands
 k - a wand of flame (15)
 q - a wand of iceblast (9)
Scrolls
 c - a scroll of magic mapping
 f - 2 scrolls of fog {unknown}
 h - a scroll of enchant armour {unknown}
 j - a scroll of amnesia {unknown}
 l - 2 scrolls of blinking {unknown}
 m - a scroll of noise {unknown}
 n - 2 scrolls of identify
 o - a scroll of teleportation {unknown}
 s - a scroll of fear {unknown}
Potions
 g - 3 potions of mutation
 r - a potion of haste {unknown}
 t - a potion of curing {unknown}
Comestibles
 b - 12 rations


   Skills:
 + Level 5.9 Fighting
 + Level 5.4 Maces & Flails
 + Level 3.8 Throwing
 + Level 4.9 Dodging


You had 6 spell levels left.
You didn't know any spells.
Your spell library was empty.

Dungeon Overview and Level Annotations

Branches:
Dungeon (5/15)
 Temple: D:4-7

Altars:
Trog

Shops:
D:4 *


Innate Abilities, Weirdness & Mutations

You can breathe blasts of noxious fumes.
Your lurid green scales are hard. (AC +6)
You cannot fit into any form of body armour.
Your system is resistant to poisons. (rPois)
You are cold-blooded and may be slowed by cold attacks.


Message History

The centaur hits you.
The orc wizard shouts!
You hit the centaur but do no damage.
The centaur is severely wounded.
You hear a shout!
The centaur hits you but does no damage.
The orc warrior closely misses you. The centaur hits you.
You sock the centaur!
The centaur is almost dead.
The centaur barely misses you.
The orc warrior hits you from afar with a +0 glaive!
The centaur closely misses you.
You barely miss the centaur. You tail-slap the centaur.
You kill the centaur!
Trog accepts your kill.
The orc wizard casts a spell.
The orc wizard flickers and vanishes!
Deactivating autopickup; reactivate with Ctrl-A.
The orc warrior hits you from afar with a +0 glaive!!
You die...

#.# #%# #.#
#(# #(#
...#(#.#
#..#(#.#
#..#.#.#
#..#@#.# .
#..#)#.# #..
#..#o#.#
#....#..#{..#
#...........#
####...####.#
.......#....#
#####..#.####
...#.#


You could see an orc warrior.

Vanquished Creatures
  An eye of draining (D:4)
  An ice beast (D:3)
  2 phantoms (D:4)
  A centaur (D:5)
  A scorpion (D:4)
  2 howler monkeys (D:3)
  A hound (D:3)
  An orc priest (D:3)
  An orc wizard (D:3)
  Ijyb (D:4)
  3 worker ants
  4 gnolls (D:4)
  5 adders
  An ooze (D:3)
  2 adder skeletons (D:4)
  3 worms
  A leopard gecko (D:3)
  3 orcs
  10 bats
  8 giant cockroaches
  10 goblins
  12 hobgoblins
  8 jackals (D:1)
  3 quokkas (D:3)
  2 ball pythons
  A ball python skeleton (D:4)
  5 frilled lizards
  10 kobolds
  A leopard gecko zombie (D:5)
  4 rats
108 creatures vanquished.

Notes
Turn   | Place    | Note
-------+----------+-------------------------------------------
     0 | D:1      | goulibeur the Draconian Berserker began the quest for the
                  | Orb.
     0 | D:1      | Reached XP level 1. HP: 19/19 MP: 1/1
   206 | D:1      | Reached XP level 2. HP: 26/26 MP: 2/2
   630 | D:1      | Reached skill level 1 in Throwing
   630 | D:1      | Reached XP level 3. HP: 33/33 MP: 3/3
   653 | D:1      | Reached ** piety under Trog
  1122 | D:2      | Reached XP level 4. HP: 37/40 MP: 4/4
  1744 | D:3      | Reached XP level 5. HP: 20/46 MP: 5/5
  1766 | D:3      | HP: 2/46 [poisoned by an adder]
  2195 | D:3      | Noticed an ice beast
  2216 | D:3      | Killed an ice beast
  2466 | D:3      | Reached *** piety under Trog
  2495 | D:3      | Reached XP level 6. HP: 53/53 MP: 6/6
  2900 | D:4      | Found Boimiar's Mass Market.
  3179 | D:4      | Reached skill level 5 in Fighting
  3390 | D:4      | Your scales start taking on a lurid green colour.
  3390 | D:4      | Reached XP level 7. HP: 52/61 MP: 7/7
  3390 | D:4      | Gained mutation: Your system is resistant to poisons.
                  | (rPois) [Green Draconian growth]
  3714 | D:4      | Reached skill level 5 in Maces & Flails
  3892 | D:4      | Noticed Ijyb
  3916 | D:4      | Killed Ijyb
  3984 | D:4      | Found a bloodstained altar of Trog.
  4251 | D:5      | Entered Level 5 of the Dungeon
  4409 | D:5      | Slain by an orc warrior

Skill      XL: |  1  2  3  4  5  6  7 |
---------------+----------------------+-----
Dodging        | 3 4 |  4.9
Throwing       | 1 2 3 |  3.8
Fighting       | 4 5 |  5.9
Maces & Flails | 4 5 |  5.4

Action                   |  1- 3 |  4- 6 |  7- 9 || total
-------------------------+-------+-------+-------++-------
Melee: Mace              |   108 |   205 |    88 ||   401
       Tailslap          |    12 |    27 |    20 ||    59
       Flail             |       |       |    46 ||    46
Invok: Berserk           |       |     3 |       ||     3
  Use: Scroll            |     3 |       |       ||     3
 Stab: Sleeping          |     2 |       |       ||     2
  Eat: Chunk             |       |    11 |     3 ||    14
Armor: Skin              |    48 |    82 |    36 ||   166
Dodge: Dodged            |    94 |   191 |    99 ||   384
